 Dungeon Crawl Stone Soup version 0.29.1-15-g9cfb28693d (webtiles) character file.

Game seed: 6262141701456961999

159 Smoke131 the Trooper (level 5, -1/47 HPs)
             Began as a Ghoul Monk on Feb 28, 2023.
             Slain by Blork the orc
             ... wielding a +2 dire flail of protection
              (7 damage)
             ... on level 4 of the Dungeon.
             The game lasted 00:06:36 (3105 turns).

Smoke131 the Trooper (Ghoul Monk)                   Turns: 3105, Time: 00:06:36

Health: -1/47      AC:  9    Str: 17    XL:     5   Next: 40%
Magic:  4/4        EV:  7    Int:  5    God:
Gold:   99         SH:  0    Dex: 11    Spells: 4/4 levels left

rFire   . . .      SeeInvis .     - Unarmed
rCold   + . .      Faith    .   (no shield)
rNeg    + + +      Spirit   .   p - +0 chain mail
rPois   ∞          Reflect  .   (no helmet)
rElec   .          Harm     .   (no cloak)
rCorr   .          Rampage  .   (no gloves)
Will    .....                   o - +0 pair of boots
Stlth   ..........              f - amulet of the acrobat
HPRegen 0.00/turn               (no ring)
MPRegen 0.09/turn               (no ring)

@: inhibited regen
A: claws 1, cold resistance 1, negative energy resistance 3, inhibited
regeneration, torment resistance 2, devour on kill
a: no special abilities


You were on level 4 of the Dungeon.
You visited 1 branch of the dungeon, and saw 4 of its levels.

You collected 99 gold pieces.

Inventory:

Armour
 o - a +0 pair of boots (worn)
 p - a +0 chain mail (worn)
Jewellery
 f - an amulet of the acrobat (around neck)
Wands
 g - a wand of digging (3)
Scrolls
 e - a scroll of amnesia
 h - a scroll of fear
 j - a scroll of silence {unknown}
Potions
 a - a potion of heal wounds {unknown}
 b - 2 potions of ambrosia
 c - 7 potions of curing
 d - 4 potions of degeneration {unknown}
 i - a potion of might {unknown}
 m - a potion of flight {unknown}
 n - a potion of cancellation {unknown}
 q - a potion of invisibility {unknown}


   Skills:
 + Level 4.3 Fighting
 + Level 2.0 Armour
 + Level 3.5 Dodging
 - Level 2.1 Stealth
 + Level 4.2 Unarmed Combat


You had 4 spell levels left.
You didn't know any spells.
Your spell library contained the following spells:

 Spells                   Type           Power      Damage    Failure   Level
 Blink                    Tloc           0%         N/A       100%        2
 Lesser Beckoning         Tloc           0%         N/A       100%        3
 Manifold Assault         Tloc           0%         N/A       100%        5


Dungeon Overview and Level Annotations

Branches:
Dungeon (4/15)
 Temple: D:4-7

Altars:
Gozag

Shops:
D:2 ?

Annotations:
D:4 Blork the orc


Innate Abilities, Weirdness & Mutations

You are immune to poison.
You have sharp fingernails.
Your flesh is cold resistant. (rC+)
You are immune to negative energy. (rN+++)
You do not regenerate when monsters are visible.
You are immune to unholy pain and torment.
You thrive by killing the living.


Message History

You scratch Blork the orc but do no damage.
Blork the orc is heavily wounded.
You claw Blork the orc!
Blork the orc is severely wounded.
Blork the orc casts a spell at you.
The puff of flame hits you but does no damage.
You barely miss Blork the orc.
Blork the orc is severely wounded.
Blork the orc hits you but does no damage.
You closely miss Blork the orc.
Blork the orc is severely wounded.
Blork the orc hits you with a +2 dire flail of protection.
You scratch Blork the orc but do no damage.
Blork the orc is severely wounded.
Blork the orc closely misses you.
You closely miss Blork the orc.
Blork the orc is severely wounded.
Blork the orc screams, "I'm going to kill you!"
Blork the orc hits you with a +2 dire flail of protection.
You scratch Blork the orc.
Blork the orc is almost dead.
Blork the orc hits you with a +2 dire flail of protection.
You closely miss Blork the orc.
Blork the orc is almost dead.
Blork the orc hits you but does no damage.
You closely miss Blork the orc.
Blork the orc is almost dead.
Blork the orc hits you with a +2 dire flail of protection.
You scratch Blork the orc.
Blork the orc is almost dead.
Blork the orc hits you with a +2 dire flail of protection!
* * * LOW HITPOINT WARNING * * *
You barely miss Blork the orc.
Blork the orc is almost dead.
Blork the orc gestures wildly while chanting.
Blork the orc seems to speed up.
You scratch Blork the orc but do no damage.
Blork the orc is almost dead.
Blork the orc hits you with a +2 dire flail of protection!
You die...

.......... #.. ......... #.#
......... #.# .........
#####.. ........##... ..#
........... #.# #
.........######.######### .#
...........ggo@.........###.#
...........####.#####...#...
........##.# #..# #...#.#
##########..##.## ###...#
##.... ##..# #..# ##...##
..## ##..#..### #..#
##..###.†.## #.......#..#


You could see Blork the orc (fast) and 2 goblins.

Vanquished Creatures
  A hound (D:4)
  5 adders
  An ufetubus (D:4)
  4 dart slugs
  7 bats
  4 endoplasms
  5 giant cockroaches
  5 goblins
  8 hobgoblins
  2 jackals (D:4)
  5 quokkas
  8 ball pythons
  4 frilled lizards
  3 kobolds
  7 rats
69 creatures vanquished.

Notes
Turn   | Place    | Note
-------+----------+-------------------------------------------
     0 | D:1      | Smoke131 the Ghoul Monk began the quest for the Orb.
     0 | D:1      | Reached XP level 1. HP: 19/19 MP: 0/0
   237 | D:1      | Reached XP level 2. HP: 26/26 MP: 1/1
   804 | D:1      | Reached skill level 1 in Armour
   804 | D:1      | Reached XP level 3. HP: 31/31 MP: 2/2
  1192 | D:2      | Found a faded altar of an unknown god.
  1206 | D:2      | Found Viyv's Magic Scroll Shop.
  1465 | D:2      | Reached XP level 4. HP: 39/40 MP: 3/3
  1984 | D:3      | Found an opulent altar of Gozag.
  2891 | D:4      | Reached XP level 5. HP: 45/46 MP: 4/4
  3073 | D:4      | Noticed Blork the orc
  3105 | D:4      | Slain by Blork the orc

Illustrated notes

Levels and vault maps discovered:
D:1:      co_arrival_square_in_a_square_in_a_square, layout_basic, nrook_uturn
D:2:      layout_basic, shapermc_ecumenical_altar_venn, serial_shops,
          nicolae_shop_trees, minmay_tromino_i4
D:3:      layout_basic, grunt_gozag_breadcrumbs, kennysheep_cluttered_room
D:4:      layout_rooms, kennysheep_generic_room_9, uniq_blork_the_orc

Skill      XL: |  1  2  3  4  5 |
---------------+----------------+-----
Dodging        | 3 |  3.5
Armour         | 1 2 |  2.0
Fighting       | 4 |  4.3
Unarmed Combat | 4 |  4.2
Stealth        | |  2.1

Action                   |  1- 3 |  4- 6 || total
-------------------------+-------+-------++-------
Melee: Unarmed           |   114 |   119 ||   233
       Punch             |     4 |       ||     4
  Use: Scroll            |       |     7 ||     7
 Stab: Sleeping          |     2 |     1 ||     3
Armor: Robe              |    21 |     4 ||    25
       Chain mail        |       |    37 ||    37
Dodge: Dodged            |    67 |    74 ||   141
